 Dungeon Crawl Stone Soup version 0.16.1-7-g2c6721e (webtiles) character file.

111 Shoikan the Cudgeler (level 4, 0/40 HPs)
             Began as a Minotaur Berserker on Mar 29, 2015.
             Was a Believer of Trog.
             Shot with an arrow of flame by a centaur (4 damage)
             ... on level 3 of the Dungeon.
             The game lasted 00:13:49 (2436 turns).

Shoikan the Cudgeler (Minotaur Berserker)           Turns: 2436, Time: 00:13:49

Health: 0/40       AC:  8    Str: 22    XL:     4   Next: 62%
Magic:  2/2        EV:  8    Int:  5    God:    Trog [**....]
Gold:   152        SH:  0    Dex:  9    Spells: 0 memorised, 3 levels left

rFire  . . .     SeeInvis .     r - +0 morningstar
rCold  + . .     Clarity  .     v - +0 chain mail {rF+}
rNeg   . . .     SustAb   .     (no shield)
rPois  .         Gourm    +     (helmet restricted)
rElec  .         Spirit   .     (no cloak)
rCorr  .         Warding  .     (no gloves)
rMut   .         Stasis   .     (no boots)
MR     .....                    e - amulet of the gourmand
Stlth  ..........               (no ring)
                                p - ring of ice

@: not resistant to hostile enchantments, extremely unstealthy
A: retaliatory headbutt, horns 2
a: Burn Spellbooks, Berserk, Trog's Hand, Renounce Religion


You were on level 3 of the Dungeon.
You worshipped Trog.
Trog was pleased with you.
You were very full.

You visited 1 branch of the dungeon, and saw 3 of its levels.

You collected 152 gold pieces.

Inventory:

Hand weapons
 a - a +0 mace
 f - a +0 falchion of flaming
 r - a +0 morningstar (weapon)
Armour
 v - a +0 chain mail of fire resistance (worn)
Jewellery
 e - an amulet of the gourmand (around neck)
 p - a ring of ice (left hand)
Scrolls
 d - 3 scrolls of identify {unknown}
 k - a scroll of recharging {unknown}
 l - a scroll of fog {unknown}
 n - a scroll of fear {unknown}
 t - a scroll of teleportation {unknown}
 u - 2 scrolls of blinking {unknown}
Potions
 g - a potion of invisibility {unknown}
 h - a potion of cancellation {unknown}
 o - a potion of restore abilities {unknown}
 q - a potion of haste {unknown}
 s - a potion of might {unknown}
Comestibles
 b - 2 meat rations
 c - 2 bread rations
 i - a slice of pizza
 j - 2 beef jerkies
 m - 2 royal jellies


   Skills:
 - Level 3.9 Fighting
 + Level 6.2 Maces & Flails
 - Level 2.5 Armour
 - Level 2.4 Dodging


You had 3 spell levels left.
You didn't know any spells.

Dungeon Overview and Level Annotations

Branches:
Dungeon (3/15)

Altars:


Innate Abilities, Weirdness & Mutations

You reflexively headbutt those who attack you in melee.
You have a pair of horns on your head.


Message History

A centaur comes into view.
The orc wizard casts a spell at you. The puff of frost hits you! You resist.
An orc comes into view. It is wielding a flail.
The orc shouts!
The centaur wields a shortbow.
The centaur shoots an arrow of flame.
The arrow of flame closely misses you. The orc barely misses you.
You furiously retaliate!
You headbutt the orc.
You see here a scroll labeled KHUCZA TEH STRU.
The centaur shoots an arrow of flame.
The arrow of flame hits you. The arrow of flame burns you.
The centaur shoots an arrow of flame.
The arrow of flame hits you! The arrow of flame burns you.
* * * LOW HITPOINT WARNING * * *
You see here 2 arrows of flame.
The orc wizard gestures wildly while chanting.
You feel a wave of unholy energy pass over you.
The centaur shoots an arrow of flame.
The arrow of flame hits you!
* * * LOW HITPOINT WARNING * * *
The arrow of flame burns you.
You die...

.###...#.(..#####
........o..###
..#####.o..# #o#..#
#o#c.## ##.....##
######.......##
........#..........#
..............@.....##
...................##
..................##
............<....#
#####...............#
....#...............#
....................#
...........)[..)...##
......#.....#.....##


You could see a centaur, an orc wizard and 3 orcs.

Vanquished Creatures
  4 adders (D:2)
  A giant mite (D:2)
  4 worms
  An ooze (D:2)
  4 orcs (D:3)
  5 bats
  A giant cockroach (D:2)
  4 hobgoblins
  2 quokkas
  A giant newt (D:2)
  8 goblins
  2 kobolds
  7 rats
44 creatures vanquished.

Vanquished Creatures (others)
  A plant (D:1)
1 creature vanquished.

Grand Total: 45 creatures vanquished

Notes
Turn   | Place    | Note
--------------------------------------------------------------
     0 | D:1      | Shoikan, the Minotaur Berserker, began the quest for the Orb.
     0 | D:1      | Reached XP level 1. HP: 19/19 MP: 1/1
   477 | D:1      | Reached XP level 2. HP: 27/27 MP: 1/1
   591 | D:1      | Reached skill level 4 in Maces & Flails
  1128 | D:2      | Reached XP level 3. HP: 33/33 MP: 2/2
  1244 | D:2      | Acquired Trog's second power
  1330 | D:2      | Reached skill level 5 in Maces & Flails
  1642 | D:2      | Reached XP level 4. HP: 35/40 MP: 2/2
  2056 | D:3      | Reached skill level 6 in Maces & Flails
  2426 | D:3      | Noticed a centaur
  2436 | D:3      | Shot with an arrow of flame by a centaur

Action                   |  1- 3 |  4- 6 || total
-------------------------+-------+-------++-------
Melee: Mace              |   126 |    31 ||   157
       Morningstar       |       |     4 ||     4
  Eat: Chunk             |    12 |     6 ||    18
